AoeStats
← 一剑扫秋风nelson

Arena

505380970Analyzed
4v4 RM · 23d ago on Sep 9, 2026· 52m 49s· 8 players
Game mode
Random Map
Map size
Large (8 player)
Population
200
Speed
Normal
Resources
Standard
Victory
Conquest
Starting age
Dark Age
Ending age
Imperial Age
RankedLock teamsTeams togetherTeam positionsShared explorationLock speedFull tech treeHidden civsTurbo modeCheats
Victory
Defeat
🇨🇳 Berbers · China
1876
+8
🇧🇷 Italians · Brazil
1795
+10
🇨🇳 Poles · China
1643
+16
🇺🇦 Maya · Ukraine
1496
+22
🇨🇦 Vietnamese · Canada
1709
-16
🇺🇾 Bulgarians · Uruguay
1671
-15
🇺🇸 Bengalis · United States
1661
-14
🇧🇷 Inca · Brazil
1591
-11
JonnyTheMonkey
10:29 Feudal Age
14:17 Castle Age
12:42 Double-Bit Axe
12:39 Horse Collar
14:17 Gold Mining
18:31 Loom
19:32 Town Watch
23:56 Bow Saw
29:40 Wheelbarrow
29:08 Heavy Plow
33:42 Imperial Age
32:16 Fletching
32:26 Padded Archer Armor
33:12 Gold Shaft Mining
33:09 Bodkin Arrow
34:29 Bracer
35:39 Two-Man Saw
35:43 Chemistry
35:13 Fortified Wall
36:26 Conscription
36:20 Masonry
36:31 Ballistics
37:05 Crop Rotation
38:22 Hand Cart
38:06 Stone Mining
38:55 Leather Archer Armor
38:25 Elite Elephant Archer
39:25 Elite Skirmisher
40:55 Architecture
40:49 Paiks
40:58 Imperial Skirmisher
41:47 Husbandry
43:07 Bloodlines
43:32 Ring Archer Armor
45:38 Squires
45:42 Scale Mail Armor
45:54 Pikeman
46:48 Forging
47:09 Halberdier
50:43 Chain Mail Armor
51:03 Iron Casting
AnTeK
10:49 Feudal Age
15:04 Castle Age
13:09 Double-Bit Axe
13:06 Horse Collar
16:04 Bow Saw
15:56 Heavy Plow
22:26 Fletching
24:47 Loom
24:55 Gold Mining
26:16 Bodkin Arrow
28:01 Wheelbarrow
29:16 Stone Mining
29:23 Town Watch
33:26 Imperial Age
31:10 Padded Archer Armor
31:39 Ballistics
32:02 Treadmill Crane
34:30 Bracer
35:32 Chemistry
34:08 Elite Rattan Archer
35:42 Leather Archer Armor
36:53 Thumb Ring
38:02 Ring Archer Armor
37:50 Hand Cart
40:21 Chatras
40:42 Paper Money
40:26 Husbandry
40:37 Bloodlines
42:49 Scale Barding Armor
42:55 Forging
44:18 Two-Man Saw
43:48 Crop Rotation
44:12 Siege Engineers
43:44 Elite Battle Elephant
44:46 Chain Barding Armor
46:13 Plate Barding Armor
46:24 Coinage
47:16 Iron Casting
47:25 Hoardings
49:15 Guilds
49:05 Light Cavalry
|FMG| twitch/JabsUY
10:08 Feudal Age
13:42 Castle Age
12:00 Double-Bit Axe
14:13 Horse Collar
14:37 Loom
20:02 Wheelbarrow
20:17 Bow Saw
23:42 Fervor
24:13 Gold Mining
29:25 Imperial Age
28:18 Forging
29:32 Capped Ram
30:50 Iron Casting
32:39 Blast Furnace
31:44 Scale Barding Armor
32:00 Fletching
32:33 Scale Mail Armor
33:11 Devotion
33:05 Elite Konnik
35:42 Chain Barding Armor
36:36 Bodkin Arrow
41:35 Plate Barding Armor
50:47 Light Cavalry
51:28 Husbandry
51:47 Bloodlines
Tylenol
10:55 Feudal Age
14:47 Castle Age
13:08 Loom
13:42 Horse Collar
13:48 Double-Bit Axe
14:56 Champi Runner
18:14 Squires
19:33 Bow Saw
23:23 Forging
24:06 Heavy Plow
23:40 Pikeman
26:38 Champi Warrior
29:33 Iron Casting
31:24 Wheelbarrow
30:59 Stone Mining
31:00 Gold Mining
35:23 Imperial Age
33:12 Hand Cart
34:24 Stone Shaft Mining
34:27 Gold Shaft Mining
35:52 Scale Mail Armor
37:05 Chain Mail Armor
39:01 Crop Rotation
38:53 Masonry
39:20 Plate Mail Armor
39:50 Blast Furnace
39:12 Treadmill Crane
39:30 Halberdier
40:44 Conscription
42:03 Blast Furnace
41:56 Loom
41:57 Town Watch
_stranikk_
0:30 Loom
10:36 Feudal Age
11:02 Feudal Age
15:23 Castle Age
13:41 Double-Bit Axe
13:40 Horse Collar
15:00 Gold Mining
15:27 Eagle Warrior
21:09 Scale Mail Armor
23:54 Bow Saw
27:09 Wheelbarrow
27:20 Gold Mining
28:28 Town Watch
32:48 Imperial Age
31:49 Stone Mining
32:04 Heavy Plow
33:22 Fletching
33:04 Heavy Scorpion
35:39 Chemistry
35:05 Ballistics
40:42 Masonry
40:13 Treadmill Crane
43:00 Hoardings
43:53 Fortified Wall
43:49 Caravan
44:20 Architecture
44:16 Hand Cart
VIVIAN
9:51 Feudal Age
10:36 Horse Collar
10:41 Double-Bit Axe
16:14 Castle Age
14:36 Stone Mining
17:11 Bow Saw
17:25 Heavy Plow
20:57 Fervor
22:13 Bloodlines
23:05 Wheelbarrow
23:44 Scale Barding Armor
24:48 Loom
25:49 Forging
26:13 Light Cavalry
26:54 Husbandry
27:32 Iron Casting
28:45 Hand Cart
31:05 Imperial Age
30:31 Chain Barding Armor
30:24 Town Watch
30:26 Treadmill Crane
31:07 Ballistics
31:00 Gold Mining
31:33 Scale Mail Armor
31:43 Squires
32:26 Crop Rotation
33:05 Blast Furnace
32:27 Conscription
32:48 Winged Hussar
33:59 Chain Mail Armor
33:33 Arson
34:22 Fletching
34:14 Elite Obuch
35:44 Lechitic Legacy
35:52 Siege Engineers
36:48 Chemistry
36:34 Bodkin Arrow
37:54 Plate Mail Armor
38:40 Bracer
38:49 Thumb Ring
38:04 Heavy Cavalry Archer
39:28 Masonry
39:29 Fortified Wall
39:50 Padded Archer Armor
39:52 Cavalier
41:13 Hoardings
42:07 Murder Holes
43:15 Bombard Tower
44:00 Elite Genitour
45:38 Szlachta Privileges
46:37 Stone Shaft Mining
47:55 Guard Tower
47:50 Arrowslits
APZz_
10:24 Feudal Age
14:02 Castle Age
11:50 Horse Collar
11:56 Double-Bit Axe
15:44 Bow Saw
15:49 Heavy Plow
20:10 Loom
29:38 Wheelbarrow
29:59 Gold Mining
29:59 Stone Mining
32:27 Hand Cart
36:37 Imperial Age
35:33 Stone Shaft Mining
35:36 Ballistics
35:26 Town Watch
35:56 Padded Archer Armor
36:10 Fletching
36:36 Masonry
36:13 Treadmill Crane
36:52 Leather Archer Armor
38:20 Chemistry
37:22 Bodkin Arrow
38:21 Ring Archer Armor
38:07 Pirotechnia
38:24 Conscription
38:48 Silk Road
39:35 Two-Man Saw
38:52 Bracer
41:08 Elite Skirmisher
43:44 Guilds
43:55 Town Patrol
43:31 Elite Genoese Crossbowman
44:26 Thumb Ring
44:27 Scale Mail Armor
44:38 Forging
44:34 Scale Barding Armor
44:45 Caravan
46:08 Chain Mail Armor
46:29 Iron Casting
46:15 Chain Barding Armor
46:47 Coinage
49:09 Masonry
50:40 Hoardings
52:25 Architecture
51:51 Murder Holes
52:51 Banking
一剑扫秋风nelson
11:28 Feudal Age
15:43 Castle Age
14:08 Double-Bit Axe
14:30 Horse Collar
16:30 Heavy Plow
18:02 Gold Mining
24:44 Wheelbarrow
23:55 Loom
24:48 Stone Mining
30:14 Imperial Age
27:09 Light Cavalry
27:59 Bloodlines
29:22 Gold Shaft Mining
29:08 Husbandry
29:38 Forging
29:34 Scale Barding Armor
31:21 Chain Barding Armor
31:38 Iron Casting
31:25 Conscription
30:51 Hussar
31:32 Heavy Camel Rider
33:26 Plate Barding Armor
34:21 Crop Rotation
35:20 Blast Furnace
35:06 Fletching
36:12 Kasbah
37:17 Bodkin Arrow
38:48 Bracer
38:49 Padded Archer Armor
39:53 Chemistry
40:48 Leather Archer Armor
40:54 Guilds
42:54 Ring Archer Armor
43:18 Elite Genitour
44:29 Caravan
47:09 Masonry
48:21 Ballistics
Connection lost

Rejoining the realm…

Still unreachable

The connection could not be restored.

Session expired

The server has moved on; the page needs a fresh start.